 BcadrenCrawl: Boulder Brew version 0.03.2.1-32-g00f802a9a0 (webtiles) character file.

Game seed: 4046864880278917620, levelgen mode: deterministic

316 esc the Whippersnapper (level 6, 0/38 HPs) Lignifite Noble. Began on Jan 22, 2021. Slain by a sewer rat (5 damage) ... on level 2 of the Dungeon. The game lasted 00:05:21 (967 turns).

esc the Whippersnapper (Lignifite Noble)             Turns: 967, Time: 00:05:22

Health: 0/38       AC:  0    Str: 23    XL:     6 ^: 281
Magic:  8/8        EV:  4    Int: 11    God:
Gold:   89         SH:  4    Dex: 16    Spells: 7/7 levels left

rFire    x . .     Vision   .   c - +0 demon whip
rCold    . . .     Gourm    .   d - +0 buckler {AC+3}
rNeg     . . .     Faith    .   a - +0 robe
rPois    +         Spirit   .   (helmet restricted)
rElec    .         Reflect  .   h - scarf {cloud immunity}
rCorr    .         Harm     .   (gloves unavailable)
MR       .....                  (boots unavailable)
Stlth    ++........             (no amulet)
HPRegen  0.22/turn              e - ring of dexterity
MPRegen  0.18/turn              i - ring of strength (curse) {(Curse: MR-)}

@: corroded, hasted, very quick
A: very small, rF-, deformed body, speed 1, poison resistance, slow metabolism
1, torment resistance, plant, rot immunity
a: no special abilities


You were on level 2 of the Dungeon.
You were not hungry.

You visited 1 branch of the dungeon, and saw 2 of its levels.
You also visited: Market.

You collected 69 gold pieces.
You spent 980 gold pieces at shops.

Inventory:

Weapons
 c - a +0 demon whip (weapon) Shields
 d - a +0 buckler of protection (shield)
Armour
 a - a +0 robe (worn)
 h - a scarf of cloud immunity (worn)
Jewellery
 e - a ring of dexterity (left hand)
 g - a cursed amulet of guardian spirit {(Curse: rF- Int-3)}
 i - a cursed ring of strength (right hand) {(Curse: MR-)}
Scrolls
 j - 2 scrolls of teleportation
Comestibles
 b - 3 rations
 f - 8 chunks of flesh


   Skills:
 - Level 1.0 Fighting
 + Level 6.8 Whips & Flails
 - Level 0.8 Stealth
 - Level 1.1 Spellcasting


You had 7 spell levels left.
You didn't know any spells.
Your spell library was empty.

Dungeon Overview and Level Annotations

Branches:
Dungeon (2/8)

Altars:
Qazlal


Innate Abilities, Weirdness & Mutations

Your woody flesh burns easily. (rF-)
A tangle of shorter branches protects your body from attack. (+3 SH)
You are very small and have problems with some larger weapons.
You are too small for most types of armour.
Armour fits poorly on your strangely shaped body.
You cover ground quickly.
Your system is resistant to poisons. (rPois)
You have a slow metabolism.
You are immune to unholy pain and torment.
You require very little carbon dioxide to survive.
You are immune to rotting.


Message History

You see here a +0 hunting sling.
A sewer rat comes into view.
The sewer rat bites you (5).
You barely miss the sewer rat.
A sewer rat comes into view.
You whack the jelly (8)!
Your hands burn (2).
The jelly is heavily wounded. (8/16) HP You block the sewer rat's attack.
The jelly hits you (2). The acid corrodes you!
You are splashed with acid (7)!
Unknown command.
You feel much better. The sewer rat bites you (1). The jelly hits you (3).
The acid corrodes you!
You are splashed with acid (8)!
You feel yourself speed up. The sewer rat bites you (6).
The sewer rat bites you (3). The jelly hits you (1).
* * * LOW HITPOINT WARNING * * *
You are splashed with acid (6).
* * * LOW HITPOINT WARNING * * *
Unknown command.
The jelly blocks your attack. The sewer rat bites you (5).
You die...

.....#.≈≈≈PP..#
_..b.#.≈≈≈≈PP.#
....≈..≈≈≈≈≈≈.##
..###..≈≈≈≈≈≈..##
..#E##≈≈≈≈≈≈...≈#
..####≈≈≈≈≈≈≈.#.#
≈.##...≈≈≈≈..≈###
...#........≈.#####
.....#.≈≈.≈≈≈.#≈@.##
.....#.≈b≈≈≈≈†#rrJ.##
..≈...≈≈≈≈≈≈≈≈#≈....#
.≈#≈.#≈≈≈≈≈≈≈≈#r...≈######
.#####≈≈≈≈≈≈≈≈#.....Z##≈≈##
## #≈≈≈≈≈≈≈≈÷......≈....##
# #≈≈≈≈≈≈≈≈#.b........≈≈# #
≈≈≈≈≈≈≈≈#P#......)...## #
.≈≈≈≈≈≈≈###b...†.....≈#


You could see a jelly, 3 sewer rats and a rat skeleton.

Vanquished Creatures
  A jelly (D:2)
  10 giant cockroaches
  3 adders (D:2)
  A gnoll (D:1)
  2 sewer rats (D:2)
  2 cinder newts
  2 worms
  5 oozes
  2 dart slugs (D:1)
  2 leopard geckos
  6 bats
  2 hobgoblins (D:1)
  2 jackals (D:1)
  A ball python (D:2)
  2 goblins (D:1)
  6 kobolds (D:1)
  7 rats (D:1)
56 creatures vanquished.

Vanquished Creatures (others)
  20 withered plants (D:2)
20 creatures vanquished.

Grand Total: 76 creatures vanquished

Notes
Turn   | Place    | Note
-------+----------+-------------------------------------------
     0 | Start Ma | esc the Lignifite Noble began the quest for the Orb.
     0 | Start Ma | Reached XP level 1. HP: 12/12 MP: 3/3
     0 | Start Ma | Found Kupast's Mashing MeleeMart.
     6 | Start Ma | Found Nuihadd's Auxillary Armour.
     7 | Start Ma | Bought a +0 demon whip for 600 gold pieces
    14 | Start Ma | Found Wuguq's Expert Tomes.
    22 | Start Ma | Bought a +0 buckler of protection for 380 gold pieces
    32 | D:1      | esc set off with the following items: a +0 robe, a ration,
                  | a +0 demon whip, a +0 buckler of protection
    34 | D:1      | Found a runed translucent door.
    89 | D:1      | Reached skill level 1 in Whips & Flails
   120 | D:1      | Reached skill level 2 in Whips & Flails
   120 | D:1      | Reached XP level 2. HP: 11/18 MP: 4/4
   173 | D:1      | Reached skill level 3 in Whips & Flails
   178 | D:1      | Reached XP level 3. HP: 9/23 MP: 5/5
   235 | D:1      | Reached skill level 4 in Whips & Flails
   291 | D:1      | Reached XP level 4. HP: 21/28 MP: 6/6
   579 | D:1      | Reached skill level 5 in Whips & Flails
   581 | D:1      | Reached XP level 5. HP: 31/33 MP: 7/7
   655 | D:2      | Reached skill level 6 in Whips & Flails
   661 | D:2      | Found a stormy altar of Qazlal.
   661 | D:2      | Noticed a fire elemental
   662 | D:2      | Noticed a water elemental
   662 | D:2      | Noticed an air elemental
   662 | D:2      | Noticed an earth elemental
   889 | D:2      | Reached XP level 6. HP: 31/38 MP: 8/8
   967 | D:2      | Slain by a sewer rat

Levels and vault maps discovered:
D:1:      dpeg_arrival_caged_fury, layout_cave_pools
D:2:      layout_sewer, nicolae_qazlal_style_of_elements, sewer_co_tree,
          first_ration, serial_shops,
          nicolae_shop_temple_entry_statues_fountains

Skill      XL: |  1  2  3  4  5 |
---------------+----------------+-----
Whips & Flails | 2 3 4 5 6 |  6.8
Fighting       | |  1.0
Stealth        | |  0.8
Spellcasting   | |  1.1

Action                   |  1- 3 |  4- 6 || total
-------------------------+-------+-------++-------
Melee: Demon whip        |    36 |    69 ||   105
Throw: Stone             |       |     1 ||     1
       Rusty metal       |       |     1 ||     1
  Use: Potion            |       |     2 ||     2
 Stab: Sleeping          |     2 |       ||     2
       Distracted        |     1 |       ||     1
Armor: Robe              |    17 |    14 ||    31
Dodge: Dodged            |     2 |     4 ||     6
Block: Buckler           |       |     6 ||     6
